 Dungeon Crawl Stone Soup version 0.29-a0-648-g6b26cc9f40 (webtiles) character file.

Game seed: 8366441077911034796

416 ptdevnull the Magician (level 7, -4/49 HPs)
             Began as a Djinni Air Elementalist on June 21, 2022.
             Slain by Duvessa
             ... wielding a +0 short sword
              (13 damage)
             ... on level 4 of the Dungeon.
             The game lasted 00:07:09 (3653 turns).

ptdevnull the Magician (Djinni Air Elementalist)    Turns: 3653, Time: 00:07:10

Health: -4/49      AC:  2    Str:  7    XL:     7   Next: 15%
Gold:   149        EV: 12    Int: 19    God:
                   SH:  0    Dex: 13

rFire   + + .      SeeInvis .   a - +2 dagger (freeze)
rCold   x . .      Faith    .   (no shield)
rNeg    . . .      Spirit   .   r - +0 robe
rPois   ∞          Reflect  .   (no helmet)
rElec   .          Harm     .   (no cloak)
rCorr   .          Rampage  .   (no gloves)
Will    .....                   (boots unavailable)
Stlth   ++........              (no amulet)
HPRegen 0.16/turn               (no ring)
MPRegen 0.00/turn               (no ring)

@: swift (expiring), flying, unable to read, very quick
A: sickness immunity, fire resistance 2, cold vulnerability 1, float, innate
caster, HP casting, extra vitality 1, robust 1, screaming 1, inability to read
while threatened
a: no special abilities


You were on level 4 of the Dungeon.
You visited 1 branch of the dungeon, and saw 4 of its levels.

You collected 149 gold pieces.

Inventory:

Hand Weapons
 a - a +2 dagger of freezing (weapon)
 c - a +0 dagger
Armour
 r - a +0 robe (worn)
Magical Staves
 b - a staff of air
Wands
 e - a wand of digging (7)
 n - a wand of flame (5)
Scrolls
 f - a scroll of blinking {unknown}
 g - a scroll of noise {unknown}
 i - 2 scrolls of enchant armour {unknown}
 j - a scroll of amnesia {unknown}
 l - 2 scrolls of fear {unknown}
 m - a scroll of enchant weapon {unknown}
 o - 3 scrolls of poison {unknown}
 t - a scroll of immolation {unknown}
Potions
 d - a potion of flight
 h - a potion of mutation
 s - a potion of resistance {unknown}


   Skills:
 - Level 2.8 Dodging
 - Level 2.2 Stealth
 + Level 5.4 Spellcasting


You couldn't memorise any spells.
You knew the following spells:

 Your Spells              Type           Power      Damage    Failure   Level
a - Shock                 Conj/Air       100%       1d9       1%          1
b - Static Discharge      Conj/Air       26%        N/A       1%          2
c - Swiftness             Air            26%        N/A       3%          3
d - Airstrike             Air            13%        N/A       12%         4
e - Summon Small Mammal   Summ           100%       N/A       1%          1
f - Call Imp              Summ           26%        N/A       1%          2
g - Gell's Gravitas       Tloc           26%        N/A       3%          3
Your spell library was empty.

Dungeon Overview and Level Annotations

Branches:
Dungeon (4/15)
 Temple: D:4-7

Altars:
Beogh

Shops:
D:4 :

Annotations:
D:4 Duvessa


Innate Abilities, Weirdness & Mutations

You are immune to sickness and miasma.
You are immune to poison.
Your flesh is very heat resistant. (rF++)
You are vulnerable to cold. (rC-)
You float through the air rather than walking.
You learn spells naturally, not from books.
Your magical power is your life essence.
You have superior vitality. (+4 MHP)
You are robust. (+10% HP)
You occasionally shout uncontrollably at your foes.
You sometimes lose the ability to read scrolls when taking damage.


Message History

Dowan closely misses you.
You hit Dowan. You freeze Dowan.
You kill Dowan!
You hear a distant scream of rage.
Found a masterwork long sword.
Things that are here:
a +0 dagger; a +0 robe Duvessa, Sister of Dowan comes into view.
She is wielding a +0 short sword.
Duvessa goes berserk!
Casting: Shock (safe; 1% risk of failure)
Confirm with . or Enter, or press ? or * to list all spells.
You feel quick. Duvessa hits you with a +0 short sword!
Things that are here:
a +0 dagger; a +0 robe Duvessa attacks as you move away!
Duvessa barely misses you. Duvessa attacks as you move away!
Duvessa hits you with a +0 short sword!!
You feel threatened and lose the ability to read scrolls!
* * * LOW HITPOINT WARNING * * *
Duvessa attacks as you move away! Duvessa closely misses you.
There is an entrance to Zuudow's Book Shoppe here.
You cannot read scrolls in your current state!
You cannot read scrolls in your current state!
It was a potion of heal wounds.
You feel much better. Duvessa closely misses you.
Duvessa hits you with a +0 short sword!!
You hit Duvessa. You freeze Duvessa.
Duvessa is lightly wounded.
You start to feel a little slower.
Duvessa barely misses you.
You hit Duvessa but do no damage.
Duvessa is lightly wounded.
Duvessa closely misses you. Duvessa hits you with a +0 short sword.
You hit Duvessa but do no damage.
Duvessa is lightly wounded.
Duvessa hits you with a +0 short sword!
* * * LOW HITPOINT WARNING * * *
It was a potion of curing.
You feel better. Duvessa hits you with a +0 short sword!
You die...

#. ##....#...# #. . ##.
#.........# ##.
#.##..##.........####..
.....#.......#........
....<.......###.....#.
##....<...##......##
##......##..##....# ##
####.........####....
#.####..e@........# ##...
###†#...............## ##..
#....................### #..
##.....................##..#
#...).............###...###
#...##.#.##......## ##..###
#....#######.......###..##.
#..)..# ###.........###.
#....... #..######......


You could see Duvessa (berserk).

Vanquished Creatures
  Grinder (D:3)
  A scorpion (D:4)
  Dowan (D:4)
  An orc priest (D:3)
  An adder (D:3)
  A worm (D:2)
  2 dart slugs (D:3)
  10 orcs
  3 endoplasms
  2 giant cockroaches (D:2)
  7 hobgoblins
  4 jackals (D:1)
  2 quokkas
  6 ball pythons
  4 bats
  5 frilled lizards
  3 goblins
  8 kobolds
  9 rats
71 creatures vanquished.

Notes
Turn   | Place    | Note
-------+----------+-------------------------------------------
     0 | D:1      | ptdevnull the Djinni Air Elementalist began the quest for
                  | the Orb.
     0 | D:1      | ptdevnull set off with the following spells memorised:
                  | Shock, Static Discharge, Swiftness, Airstrike.
     0 | D:1      | Reached XP level 1. HP: 15/15 MP: 0/0
   192 | D:1      | Reached XP level 2. HP: 19/21 MP: 0/0
   587 | D:1      | Reached XP level 3. HP: 12/25 MP: 0/0
   587 | D:1      | Learned a level 1 spell: Summon Small Mammal
  1676 | D:2      | Found a faded altar of an unknown god.
  1818 | D:2      | Reached skill level 3 in Spellcasting
  1884 | D:2      | Reached XP level 4. HP: 29/31 MP: 0/0
  2494 | D:3      | Reached XP level 5. HP: 12/35 MP: 0/0
  2494 | D:3      | Learned a level 2 spell: Call Imp
  3099 | D:3      | Noticed Grinder
  3105 | D:3      | Paralysed by Grinder for 5 turns
  3116 | D:3      | Gained mutation: You are robust. (+10% HP) [potion of
                  | mutation]
  3116 | D:3      | Gained mutation: You occasionally shout uncontrollably at
                  | your foes. [potion of mutation]
  3116 | D:3      | Gained mutation: You sometimes lose the ability to read
                  | scrolls when taking damage. [potion of mutation]
  3122 | D:3      | Paralysed by Grinder for 2 turns
  3125 | D:3      | Killed Grinder
  3126 | D:3      | Reached skill level 5 in Spellcasting
  3126 | D:3      | Reached XP level 6. HP: 5/44 MP: 0/0
  3466 | D:4      | Reached XP level 7. HP: 43/49 MP: 0/0
  3466 | D:4      | Learned a level 3 spell: Gell's Gravitas
  3613 | D:4      | Found Zuudow's Book Shoppe.
  3628 | D:4      | Noticed Dowan
  3638 | D:4      | Killed Dowan
  3640 | D:4      | Noticed Duvessa
  3653 | D:4      | Slain by Duvessa

Illustrated notes

Levels and vault maps discovered:
D:1:      onia_arrival_handbag, layout_loops_ring
D:2:      layout_loops_ring, hellmonk_ecumenical_altar_defaced_shrine
D:3:      layout_basic, uniq_grinder
D:4:      layout_layer_cave, serial_shops, shop, kennysheep_generic_room_2,
          uniq_duvessa

Skill      XL: |  1  2  3  4  5 |
---------------+----------------+-----
Stealth        | 2 |  2.2
Spellcasting   | 3 5 |  5.4
Dodging        | |  2.8

Action                   |  1- 3 |  4- 6 |  7- 9 || total
-------------------------+-------+-------+-------++-------
Melee: Dagger            |     8 |    12 |     9 ||    29
 Cast: Shock             |    73 |    49 |     5 ||   127
       Airstrike         |       |     4 |       ||     4
       Call Imp          |       |     2 |       ||     2
       Swiftness         |       |       |     1 ||     1
  Use: Potion            |       |     5 |     2 ||     7
 Stab: Sleeping          |       |     3 |       ||     3
Armor: Robe              |     3 |     2 |       ||     5
Dodge: Dodged            |    12 |     7 |     8 ||    27

Table legend: (Time is in decaauts)
 A = Elapsed time spent in this place.
 B = Non-inter-level travel time spent in this place.
 C = Inter-level travel time spent in this place.
 D = Time resting spent in this place.
 E = Time spent auto-exploring this place.
 F = Levels seen in this place.
 G = Mean time per level.
                   A        B        C        D        E       F      G
               +--------+--------+--------+--------+--------+-----+--------+
         Total |   3648 |   3564 |     84 |    652 |   2566 |   4 |  912.0 |
       Dungeon |   3648 |   3564 |     84 |    652 |   2566 |   4 |  912.0 |
               +--------+--------+--------+--------+--------+-----+--------+

Top non-repeatable levels by time:
     D:1: 1265 daAuts
     D:3: 1244 daAuts
     D:2: 947 daAuts
     D:4: 191 daAuts
